 Dungeon Crawl Stone Soup version 0.17.1-3-g152610e (webtiles) character file.

388 DEFE the Skirmisher (level 6, 0/55 HPs)
             Began as a Deep Elf Fighter on Apr 22, 2016.
             Was an Initiate of Ashenzari.
             Succumbed to poison (a potion of poison)
             ... on level 5 of the Dungeon.
             The game lasted 00:05:25 (4622 turns).

DEFE the Skirmisher (Deep Elf Fighter)              Turns: 4622, Time: 00:05:25

Health: 0/55       AC: 11    Str: 20      XL:     6   Next: 49%
Magic:  8/8        EV: 16    Int: 12 (13) God:    Ashenzari [......]
Gold:   226        SH: 10    Dex: 18      Spells: 0 memorised, 5 levels left

rFire  . . .     SeeInvis .     a - +0 long sword
rCold  . . .     Clarity  .     h - +3 leather armour (curse)
rNeg   . . .     SustAt   .     c - +0 shield (curse)
rPois  .         Gourm    .     w - +0 helmet
rElec  .         Spirit   .     (no cloak)
rCorr  .         Warding  .     (no gloves)
rMut   .         Stasis   .     (no boots)
MR     .....                    (no amulet)
Stlth  ..........               (no ring)
                                q - ring of flight

@: agile, berserking (expiring), lethally poisoned (0 -> -12), very quick, not
resistant to hostile enchantments, extremely unstealthy
A: rough black scales 1, wild magic 1, no device heal 1
a: Renounce Religion, Evoke Flight


You were on level 5 of the Dungeon.
You worshipped Ashenzari.
Ashenzari was noncommittal.
You were not hungry.

You visited 2 branches of the dungeon, and saw 6 of its levels.

You collected 226 gold pieces.

Inventory:

Hand Weapons
 a - a +0 long sword (weapon)
Armour
 b - a +0 scale mail
 c - a cursed +0 shield (worn)
 g - a +0 chain mail
 h - a cursed +3 leather armour (worn)
 w - a +0 helmet (worn)
Jewellery
 q - a ring of flight (left hand)
 u - a +2 ring of protection
Scrolls
 d - 4 scrolls of recharging
 f - a scroll of curse jewellery
 i - a scroll of random uselessness {unknown}
 k - 2 scrolls of enchant armour {unknown}
 n - 2 scrolls of identify {unknown}
 r - a scroll of enchant weapon {unknown}
 t - a scroll of immolation {unknown}
 x - a scroll of fog {unknown}
Comestibles
 e - 3 bread rations
 p - 3 beef jerkies
 v - a slice of pizza


   Skills:
 + Level 3.4 Fighting
 + Level 3.2 Long Blades
 + Level 3.4 Armour
 + Level 3.4 Dodging
 + Level 3.3 Shields


You had 5 spell levels left.
You didn't know any spells.

Dungeon Overview and Level Annotations

Branches:
Dungeon (5/15)             Temple (1/1) D:4

Altars:
Ashenzari
Cheibriados
Dithmenos
Fedhas
Kikubaaqudgha
Nemelex Xobeh
Okawaru
Qazlal
Trog
Vehumet
Xom
Yredelemnul
The Shining One

Annotations:
D:3 kraktruk's ghost, amateur DsCj


Innate Abilities, Weirdness & Mutations

You are partially covered in rough black scales (AC +4, Dex -1).
Your spells are a little harder to cast, but a little more powerful.
Potions and wands are less effective at restoring your health.


Message History

* * * LOW HITPOINT WARNING * * *
You feel sick.
Drink which item? (? for menu, Esc to quit)
It was a potion of agility.
You feel agile all of a sudden.
Drink which item? (? for menu, Esc to quit)
It was a potion of poison.
That liquid tasted very nasty...
You are more poisoned.
* * * LOW HITPOINT WARNING * * *
You feel sick.
Drink which item? (? for menu, Esc to quit)
It was a potion of berserk rage.
A red film seems to cover your vision as you go berserk!
You feel yourself moving faster!
You feel mighty!
* * * LOW HITPOINT WARNING * * *
You feel sick.
You feel a strong urge to attack something.
* * * LOW HITPOINT WARNING * * *
You feel sick.
You die...

.#...<..#...##..#.####
..........†###..........
...........# #.#.#######
..........<# #(#.#.§§§§§
...........# #.#.#§#####
...........# #.#.#§§§§§§
#..........# #.#.#######
#..........###.#........
#...............@....#
#...........(....†...#
###########..........#
#..........#
#............
#..........#..
#####...#### # #??$#


There were no monsters in sight!

Vanquished Creatures
  An ogre (D:3)
  3 scorpions
  An iguana (D:4)
  7 adders
  An ooze (D:2)
  2 worms (D:2)
  6 giant geckos
  7 orcs
  4 bats
  4 giant cockroaches
  6 goblins
  8 hobgoblins
  2 quokkas
  2 ball pythons
  A giant gecko skeleton (D:4)
  5 giant newts
  7 kobolds
  5 rats
72 creatures vanquished.

Vanquished Creatures (others)
  A quokka (D:3)
1 creature vanquished.

Grand Total: 73 creatures vanquished

Notes
Turn   | Place    | Note
--------------------------------------------------------------
     0 | D:1      | DEFE the Deep Elf Fighter began the quest for the Orb.
     0 | D:1      | Reached XP level 1. HP: 13/13 MP: 3/3
   482 | D:1      | Reached XP level 2. HP: 13/18 MP: 4/4
   560 | D:1      | Reached skill level 1 in Dodging
  1100 | D:2      | Reached XP level 3. HP: 18/22 MP: 5/5
  1734 | D:2      | Gained mutation: Potions and wands are less effective at restoring your health. [potion of mutation]
  1734 | D:2      | Gained mutation: You are partially covered in rough black scales (AC +4, Dex -1). [potion of mutation]
  1734 | D:2      | Gained mutation: Your spells are a little harder to cast, but a little more powerful. [potion of mutation]
  2115 | D:3      | Reached XP level 4. HP: 22/27 MP: 6/6
  2231 | D:3      | Noticed an ogre
  2245 | D:3      | Killed an ogre
  2245 | D:3      | Reached skill level 3 in Fighting
  2245 | D:3      | Reached XP level 5. HP: 10/32 MP: 7/7
  2496 | D:3      | Noticed kraktruk's ghost (amateur DsCj)
  2892 | D:3      | HP: 1/32 [kraktruk's ghost/magic dart (6)]
  3242 | D:4      | Found a staircase to the Ecumenical Temple.
  3346 | D:5      | Entered Level 5 of the Dungeon
  3375 | Temple   | Entered the Ecumenical Temple
  3597 | Temple   | Became a worshipper of Ashenzari the Shackled
  3716 | D:4      | Reached XP level 6. HP: 34/37 MP: 8/8
  4468 | D:4      | Found a radiant altar of Vehumet.
  4620 | D:5      | HP: 2/55 [poison (a potion of poison)]
  4622 | D:5      | Succumbed to poison (a potion of poison)

Action                   |  1- 3 |  4- 6 || total
-------------------------+-------+-------++-------
Melee: Long sword        |   186 |   180 ||   366
  Use: Potion            |     3 |     7 ||    10
       Scroll            |       |     3 ||     3
 Stab: Sleeping          |       |     2 ||     2
  Eat: Chunk             |     4 |     2 ||     6
       Meat ration       |       |     1 ||     1
       Royal jelly       |       |     1 ||     1
